 Dungeon Crawl Stone Soup version 0.24.0-37-gcf1ca852f1 (webtiles) character file.

Game seed: 4024556299679898077, levelgen mode: deterministic

1200 Delarado the Grappler (level 8, -13/50 (52) HPs)
             Began as an Octopode Fighter on Dec 6, 2019.
             Mangled by an orc warrior
             ... wielding a cursed -1 trident
              (16 damage)
             ... on level 6 of the Dungeon.
             The game lasted 00:12:08 (5996 turns).

Delarado the Grappler (Octopode Fighter)            Turns: 5996, Time: 00:12:09

HP:   -13/50 (52)   AC:  1    Str: 17    XL:     8   Next: 44%
MP:   8/8           EV: 11    Int: 11    God:
Gold: 223           SH:  8    Dex: 11    Spells: 7/7 levels left

rFire    . . .     SeeInvis .     - Unarmed
rCold    . . .     Gourm    .   a - +0 shield
rNeg     . . .     Faith    .   (helmet restricted)
rPois    .         Spirit   .   (no amulet)
rElec    .         Reflect  .   (no ring)
rCorr    .         Harm     .   (no ring)
MR       .....                  (no ring)
Stlth    ++........             (no ring)
HPRegen  0.16/turn              (no ring)
MPRegen  0.11/turn              (no ring)
                                (no ring)
                                (no ring)

@: no status effects
A: almost no armour, stealthy swim, amphibious, 8 rings, constrict 8, camouflage
1, gelatinous body 1
a: no special abilities


You were on level 6 of the Dungeon.
You were not hungry.

You visited 1 branch of the dungeon, and saw 6 of its levels.

You collected 223 gold pieces.

Inventory:

Missiles
 e - 144 stones
 j - 15 poisoned darts (quivered)
Armour
 a - a +0 shield (worn)
Wands
 i - a wand of flame (14)
Scrolls
 b - a scroll of blinking {unknown}
 f - a scroll of fog
 m - a scroll of fear {unknown}
 p - a scroll of immolation {unknown}
Potions
 d - 3 potions of brilliance
 g - a potion of ambrosia
 k - a potion of haste
 n - 2 potions of heal wounds
 o - 2 potions of flight
 q - a potion of curing {unknown}
Comestibles
 c - 8 rations
 h - 2 chunks of flesh


   Skills:
 + Level 3.0 Fighting
 + Level 3.0 Dodging
 - Level 3.0 Shields
 - Level 10.0 Unarmed Combat


You had 7 spell levels left.
You didn't know any spells.
Your spell library contained the following spells:

 Spells                   Type           Power        Failure   Level  Hunger
 Beastly Appendage        Tmut           #.....       86%         1    ##.....
 Sticks to Snakes         Tmut           #.......     94%         2    ###....
 Spider Form              Tmut/Pois      #.........   99%         3    ####...
 Ice Form                 Ice/Tmut       #.......     100%        4    #####..
 Blade Hands              Tmut           #.........   100%        5    ######.


Dungeon Overview and Level Annotations

Branches:
Dungeon (6/15)
 Temple: D:4-7

Altars:
Ashenzari
Gozag
Wu Jian
Zin

Annotations:
D:3 Sigmund


Innate Abilities, Weirdness & Mutations

You cannot wear most types of armour.
You are very stealthy in the water. (Stealth+)
You are amphibious.
You can wear up to eight rings at the same time.
You can use your tentacles to constrict eight enemies at once.
Your skin changes colour to match your surroundings (Stealth+).
Your rubbery body absorbs attacks. (AC +1, EV +1)


Message History

The orc warrior looks even sicker.
The orc warrior is lightly wounded.
The orc warrior hits you from afar with a cursed -1 trident!!
An orc comes into view.
An orc comes into view. It is wielding a +0 club.
The orc shouts!
The orc warrior hits you with a cursed -1 trident!
You bludgeon the orc warrior! Your grab misses the orc warrior.
Your squeeze misses the orc warrior.
The orc warrior is heavily wounded.
The orc warrior hits you with a cursed -1 trident!!
* * * LOW HITPOINT WARNING * * *
You closely miss the orc warrior. Your grab misses the orc warrior.
The orc warrior is heavily wounded.
You closely miss the orc warrior. Your grab misses the orc warrior.
You squeeze the orc warrior.
The orc warrior is severely wounded.
A killer bee zombie comes into view.
The orc warrior hits you with a cursed -1 trident!
You die...

#.....## Z #...... ..
#.....# .(. #.....#
...o #.....# ### #
....(#..... .... #
.....(o.(#####... ##
#@.#.....# #.
..####...#...# ###.
............# #...
.........<.###### #...
.#...............###..#
...###.##>######..##...
.# #...(.....##.....#
####.####.......##
##............#


You could see an orc warrior, an orc and a killer bee zombie (wandering).

Vanquished Creatures
  4 ogres
  A necrophage (D:5)
  2 phantoms (D:5)
  A scorpion (D:5)
  A howler monkey (D:4)
  A crimson imp (D:5)
  A bullfrog zombie (D:5)
  2 hounds
  An orc wizard (D:4)
  5 worker ants
  2 hound skeletons
  Robin (D:4)
  4 gnolls (D:2)
  7 adders
  A howler monkey skeleton (D:5)
  An ooze (D:2)
  An adder skeleton (D:4)
  4 worms
  A dart slug (D:4)
  5 leopard geckos
  6 orcs
  5 bats
  3 giant cockroaches
  4 goblins
  5 hobgoblins
  2 kobolds (D:2)
  4 quokkas
  3 ball pythons
  5 frilled lizards
  A quokka zombie (D:6)
  6 rats
90 creatures vanquished.

Notes
Turn   | Place    | Note
-------+----------+-------------------------------------------
     0 | D:1      | Delarado the Octopode Fighter began the quest for the Orb.
     0 | D:1      | Reached XP level 1. HP: 16/16 MP: 1/1
   235 | D:1      | Reached XP level 2. HP: 21/21 MP: 2/2
   735 | D:1      | Reached skill level 3 in Unarmed Combat
  1220 | D:2      | Found a shattered altar of Ashenzari.
  1253 | D:2      | Reached XP level 3. HP: 22/26 MP: 3/3
  1632 | D:2      | Reached skill level 4 in Unarmed Combat
  1871 | D:2      | Reached XP level 4. HP: 19/31 MP: 4/4
  2379 | D:3      | Noticed Sigmund
  2479 | D:4      | Reached skill level 5 in Unarmed Combat
  2479 | D:4      | Reached XP level 5. HP: 22/36 MP: 5/5
  2490 | D:4      | Noticed an ogre
  2719 | D:4      | Killed an ogre
  2719 | D:4      | Reached skill level 6 in Unarmed Combat
  2719 | D:4      | Reached XP level 6. HP: 34/42 MP: 6/6
  2760 | D:4      | Found an ornate altar of the Wu Jian Council.
  2819 | D:4      | Noticed Robin
  2825 | D:4      | Killed Robin
  3081 | D:4      | Reached skill level 7 in Unarmed Combat
  3113 | D:4      | Reached XP level 7. HP: 18/46 MP: 7/7
  3441 | D:4      | Reached skill level 8 in Unarmed Combat
  3871 | D:4      | Found a glowing silver altar of Zin.
  3872 | D:4      | Found an opulent altar of Gozag.
  4001 | D:5      | Entered Level 5 of the Dungeon
  4834 | D:5      | Reached skill level 9 in Unarmed Combat
  4834 | D:5      | Reached XP level 8. HP: 29/52 MP: 8/8
  5978 | D:6      | Reached skill level 10 in Unarmed Combat
  5996 | D:6      | Mangled by an orc warrior

Levels and vault maps discovered:
D:1:      dpeg_arrival_rhombi, layout_loops_corners, roderic_serpentine_path
D:2:      layout_basic, evilmike_ruin_ashenzari, first_ration
D:3:      layout_loops_ring, gammafunk_temple_overflow_wave, serial_undead,
          serial_undead_d, serial_undead_e, serial_undead_d, serial_undead_b,
          serial_undead_c, serial_undead_c, serial_undead_b, serial_undead_d,
          uniq_sigmund
D:4:      layout_loops_ring, lemuel_doored_altar,
          grunt_temple_overflow_gold_and_silver, grunt_ministairs_1, uniq_robin
D:5:      layout_cave_pods
D:6:      layout_rooms, kennysheep_mini_moat, minmay_temple_entry_glassed_door,
          kennysheep_generic_room_14

Skill      XL: |  1  2  3  4  5  6  7  8 |
---------------+-------------------------+-----
Unarmed Combat | 3 4 5 6 7 9 10 | 10.0
Fighting       | |  3.0
Dodging        | |  3.0
Shields        | |  3.0

Action                   |  1- 3 |  4- 6 |  7- 9 || total
-------------------------+-------+-------+-------++-------
Melee: Unarmed           |    51 |    81 |    97 ||   229
       Constrict         |    10 |    20 |    17 ||    47
       Tentacles         |     5 |    13 |    21 ||    39
       Punch             |     1 |     3 |     2 ||     6
Throw: Stone             |     2 |     6 |     9 ||    17
       Dart              |    12 |    36 |    27 ||    75
  Use: Scroll            |     3 |       |     6 ||     9
       Potion            |       |     1 |     1 ||     2
 Stab: Sleeping          |     8 |       |     3 ||    11
  Eat: Chunk             |     3 |     4 |     5 ||    12
       Ration            |       |       |     1 ||     1
Armor: Skin              |     3 |     1 |     2 ||     6
Dodge: Dodged            |    18 |    19 |    28 ||    65
Block: Shield            |    12 |    25 |    20 ||    57
